 Dungeon Crawl Stone Soup version 0.21.0-3-g78d12a8 (webtiles) character file.

178 Suckerboh the Cutter (level 5, -1/30 HPs)
             Began as a Kobold Assassin on Jan 15, 2018.
             Splashed by a jelly's acid (7 damage)
             ... on level 2 of the Dungeon.
             The game lasted 00:04:40 (2703 turns).

Suckerboh the Cutter (Kobold Assassin)              Turns: 2703, Time: 00:04:42

Health: -1/30      AC:  7    Str:  8    XL:     5   Next: 89%
Magic:  5/5        EV: 14    Int: 12    God:
Gold:   27         SH:  0    Dex: 18    Spells: 4/4 levels left

rFire    . . .     SeeInvis .   a - +2 dagger
rCold    . . .     Gourm    .   (shield restricted)
rNeg     . . .     Faith    .   c - +0 robe
rPois    .         Spirit   .   (no helmet)
rElec    .         Reflect  .   k - +0 cloak
rCorr    .         Harm     .   t - +0 pair of gloves
MR       .....                  n - +2 pair of boots
Stlth    +++.......             (no amulet)
HPRegen  0.10/turn              (no ring)
MPRegen  0.09/turn              (no ring)

@: no status effects
A: small, carnivore
a: no special abilities


You were on level 2 of the Dungeon.
You were full.

You visited 1 branch of the dungeon, and saw 2 of its levels.

You collected 27 gold pieces.

Inventory:

Hand Weapons
 a - a +2 dagger (weapon)
 b - a +0 blowgun
Missiles
 e - 32 poisoned needles
 f - 2 curare-tipped needles
Armour
 c - a +0 robe (worn)
 k - a +0 cloak (worn)
 n - a +2 pair of boots (worn)
 t - a +0 pair of gloves (worn)
Scrolls
 d - a scroll of blinking {unknown}
 i - a scroll of fog {unknown}
 l - 3 scrolls of remove curse {unknown}
 m - 3 scrolls of magic mapping {unknown}
 o - 2 scrolls of teleportation {unknown}
 p - a scroll of immolation {unknown}
Potions
 h - a potion of heal wounds {unknown}
 j - a potion of agility {unknown}
 q - a potion of invisibility {unknown}
 r - a potion of lignification {unknown}
Books
 s - a book of Minor Magic

   Spells                             Type                      Level
   a - Magic Dart                     Conjuration                  1
   b - Blink                          Translocation                2
   c - Call Imp                       Summoning                    2
   d - Slow                           Hexes                        2
   e - Conjure Flame                  Conjuration/Fire             3
   f - Mephitic Cloud                 Conjuration/Poison/Air       3
Comestibles
 g - 8 rations


   Skills:
 - Level 2.1 Fighting
 * Level 7.4 Short Blades
 - Level 2.1 Throwing
 - Level 1.2 Dodging
 - Level 5.3 Stealth


You had 4 spell levels left.
You didn't know any spells.

Dungeon Overview and Level Annotations

Branches:
Dungeon (2/15)

Altars:


Innate Abilities, Weirdness & Mutations

You are small and have problems with some larger weapons.
You are carnivorous and can eat meat at any time.


Message History

There is an open gate here.
You see here a stone.
Things that are here:
a stone; a whip
Things that are here:
a short sword x2; a ring mail You see here a stone.
The jelly hits you.
You are splashed with acid!
The acid burns!
* * * LOW HITPOINT WARNING * * *
You are no longer corroded.
You hit the jelly.
Your hands burn!
The jelly is severely wounded.
The jelly completely misses you.
You hit the jelly.
Your hands burn!
* * * LOW HITPOINT WARNING * * *
The jelly is almost dead.
The jelly hits you.
* * * LOW HITPOINT WARNING * * *
You are splashed with acid!
The acid burns!
You die...

#######.####.###...........
#.................######...
#...........####..#....#.#.
#...........# #....#......
#######...........#
##.#.#...(..
..>.....)....<....#
#.##.......
.......###......###
#......#### .......#
#......##########...(...
..#..###
#......@J.............##
..##.#
####.#.###........(...#
..##.#
#......###+#######....#
####.# #.....<.....#
#.#....# #.# #...........#
#.##.#.# ####(##
#...........# #....#.#
.()...# #...........#
#.####.# ..###(#
#...........####.# #.# ()#
#.##
#................####.#


You could see a jelly.

Vanquished Creatures
  2 jellies (D:2)
  An adder (D:2)
  9 oozes (D:2)
  A dart slug (D:1)
  3 ball pythons (D:2)
  9 bats
  A giant cockroach (D:2)
  6 goblins (D:1)
  4 hobgoblins
  6 jackals
  17 kobolds
  3 frilled lizards
  5 rats
67 creatures vanquished.

Vanquished Creatures (others)
  A fungus (D:2)
  4 toadstools (D:2)
5 creatures vanquished.

Grand Total: 72 creatures vanquished

Notes
Turn   | Place    | Note
-------+----------+-------------------------------------------
     0 | D:1      | Suckerboh the Kobold Assassin began the quest for the Orb.
     0 | D:1      | Reached XP level 1. HP: 12/12 MP: 1/1
    36 | D:1      | Reached skill level 3 in Short Blades
   240 | D:1      | Reached XP level 2. HP: 17/17 MP: 2/2
   431 | D:1      | Reached skill level 4 in Short Blades
   787 | D:1      | Reached XP level 3. HP: 19/21 MP: 3/3
  1306 | D:2      | Reached skill level 5 in Short Blades
  1363 | D:2      | Reached XP level 4. HP: 26/26 MP: 4/4
  2118 | D:2      | Reached skill level 6 in Short Blades
  2149 | D:2      | Reached XP level 5. HP: 26/30 MP: 5/5
  2399 | D:2      | Reached skill level 7 in Short Blades
  2703 | D:2      | Splashed by a jelly's acid

Skill      XL: |  1  2  3  4  5 |
---------------+----------------+-----
Short Blades   | 3 4 5 6 7 |  7.4
Fighting       | |  2.1
Throwing       | |  2.1
Dodging        | |  1.2
Stealth        | |  5.3

Action                   |  1- 3 |  4- 6 || total
-------------------------+-------+-------++-------
Melee: Dagger            |    97 |   129 ||   226
 Stab: Sleeping          |     8 |     5 ||    13
       Distracted        |       |     1 ||     1
  Eat: Chunk             |     4 |     6 ||    10
Armor: Robe              |    24 |    24 ||    48
Dodge: Dodged            |    87 |    76 ||   163
